 Dungeon Crawl Stone Soup version 0.23-a0-408-g9d4b7ed (webtiles) character file.

920 Steerpike the Skirmisher (level 7, -5/56 HPs)
             Began as a Demonspawn Abyssal Knight on Nov 8, 2018.
             Was a Priest of Lugonu.
             Slain by Prince Ribbit (15 damage)
             ... on level 4 of the Dungeon.
             The game lasted 00:10:33 (5242 turns).

Steerpike the Skirmisher (DsAK)                     Turns: 5242, Time: 00:10:34

Health: -5/56      AC: 12    Str: 17    XL:     7   Next: 83%
Magic:  8/8        EV:  9    Int: 14    God:    Lugonu [***...]
Gold:   249        SH:  3    Dex: 12    Spells: 6/6 levels left

rFire    x . .     SeeInvis .   b - +2 whip (venom)
rCold    + . .     Gourm    .   F - +0 buckler (curse)
rNeg     . . .     Faith    .   w - +0 scale mail
rPois    .         Spirit   .   v - +0 helmet
rElec    .         Reflect  .   g - +0 cloak
rCorr    .         Harm     .   (no gloves)
MR       .....     Rnd*Rage +   (no boots)
Stlth    +.........             (no amulet)
HPRegen  0.18/turn              f - ring of ice
MPRegen  0.11/turn              E - +3 ring of strength

@: no status effects
A: thin metallic scales 2, berserk 1, foul stench 1, nightstalker 1, rot
immunity
a: Depart the Abyss, Bend Space, Banish, Renounce Religion


You were on level 4 of the Dungeon.
You worshipped Lugonu.
Lugonu was most pleased with you.
You were not hungry.

You visited 1 branch of the dungeon, and saw 5 of its levels.
You visited the Abyss 1 time.

You collected 249 gold pieces.

Inventory:

Hand Weapons
 a - a +1 hand axe
 b - a +2 whip of venom (weapon)
 l - a +0 spear
 u - a +2 dagger of venom
Missiles
 i - 121 arrows
 m - 238 stones (quivered)
Armour
 g - a +0 cloak (worn)
 v - a +0 helmet (worn)
 w - a +0 scale mail (worn)
 F - a cursed +0 buckler (worn)
Jewellery
 f - a ring of ice (left hand)
 E - a +3 ring of strength (right hand)
Wands
 q - a wand of acid (12)
 z - a wand of flame (14)
 B - a wand of random effects (11)
Scrolls
 d - 5 scrolls of remove curse {unknown}
 e - 2 scrolls of enchant weapon {unknown}
 h - 4 scrolls of identify {unknown}
 n - a scroll of amnesia {unknown}
 o - a scroll of random uselessness {unknown}
 t - a scroll of blinking {unknown}
 x - a scroll of fog {unknown}
 y - a scroll of immolation {unknown}
 A - 2 scrolls of fear {unknown}
 D - 4 scrolls of teleportation {unknown}
Potions
 j - 2 potions of curing
 k - a potion of brilliance {unknown}
 p - a potion of lignification {unknown}
 r - a potion of berserk rage {unknown}
 s - a potion of agility {unknown}
 C - a potion of might {unknown}
Comestibles
 c - 6 rations
 G - 3 chunks of flesh


   Skills:
 + Level 5.4 Fighting
 + Level 5.2(5.3) Axes
 - Level 0.7(3.3) Maces & Flails
 + Level 5.0 Armour
 - Level 0.8 Dodging
 + Level 0.3 Shields
 - Level 2.4 Invocations
 - Level 0.1 Evocations


You had 6 spell levels left.
You didn't know any spells.
Your spell library contained the following spells:

 Spells                   Type           Power        Failure   Level  Hunger
 Beastly Appendage        Tmut           #.....       82%         1    ##.....
 Sticks to Snakes         Tmut           #.......     91%         2    ###....
 Spider Form              Tmut/Pois      #.........   99%         3    ####...
 Ice Form                 Ice/Tmut       #.......     100%        4    #####..
 Blade Hands              Tmut           #.........   100%        5    ######.


Dungeon Overview and Level Annotations

Branches:
Dungeon (5/15)
 Temple: D:4-7

Altars:
Xom
The Shining One

Annotations:
D:3 exclusion: downstairs
D:4 Prince Ribbit


Innate Abilities, Weirdness & Mutations

You are mostly covered in thin metallic scales. (AC +3)
You may emit foul miasma when damaged in melee.
You are slightly more attuned to the shadows.
You are immune to rotting.
You tend to lose your temper in combat.


Message History

You climb upwards.
There is a stone staircase leading down here.
You closely miss Prince Ribbit. Prince Ribbit hits you.
You closely miss Prince Ribbit.
Prince Ribbit hits you but does no damage.
Prince Ribbit hits you.
* * * LOW HITPOINT WARNING * * *
You barely miss Prince Ribbit. You block Prince Ribbit's attack.
You closely miss Prince Ribbit. Prince Ribbit completely misses you.
You hit Prince Ribbit.
Prince Ribbit is lightly wounded.
Prince Ribbit hits you but does no damage.
Prince Ribbit looks sick.
You hit Prince Ribbit but do no damage.
Prince Ribbit is lightly wounded.
Prince Ribbit hits you!
* * * LOW HITPOINT WARNING * * *
Prince Ribbit barely misses you.
You feel better. Prince Ribbit hits you!
You die...

.....#.........#.#####'###
.....########..#.........#
...............#.........#
.........................######
..............#...............#
..............+...........###.#
..#...........#...........# #.#
..############....<.......###.#
### #..@.............#
#...F.......###..#
#...........###..#
#................#
#................#
#...####.....##### #####
####..# #.....# #.###.#


You could see Prince Ribbit.

Vanquished Creatures
  Sigmund (D:4)
  Duvessa (D:4)
  An ogre (D:5)
  2 phantoms (D:4)
  Blork the orc (D:4)
  Dowan (D:4)
  A bullfrog skeleton (D:4)
  An orc priest (D:3)
  Ijyb (D:3)
  2 iguanas
  4 adders
  An ooze (D:2)
  3 adder skeletons (D:4)
  2 worms
  4 dart slugs
  3 leopard geckos
  6 orcs
  5 giant cockroaches
  8 hobgoblins
  8 jackals (D:1)
  2 ball pythons
  A ball python skeleton (D:4)
  9 bats
  4 frilled lizards
  9 goblins
  A jackal skeleton (D:4)
  13 kobolds
  2 leopard gecko skeletons (D:4)
  9 rats
106 creatures vanquished.

Vanquished Creatures (others)
  A howler monkey (D:4)
  A hound (D:4)
  An adder (D:4)
  2 giant cockroaches (D:4)
  2 starspawn tentacles (Abyss:1)
7 creatures vanquished.

Grand Total: 113 creatures vanquished

Notes
Turn   | Place    | Note
-------+----------+-------------------------------------------
     0 | Abyss:1  | Steerpike the Demonspawn Abyssal Knight began the quest for
                  | the Orb.
     0 | Abyss:1  | Reached XP level 1. HP: 18/18 MP: 2/2
    36 | Abyss:1  | Noticed a tentacled starspawn
    38 | Abyss:1  | Noticed a neqoxec
    39 | Abyss:1  | Noticed a hungry ghost
    39 | Abyss:1  | Gained mutation: You tend to lose your temper in combat. [a
                  | neqoxec]
    59 | Abyss:1  | Noticed a small abomination
    62 | Abyss:1  | Noticed a raiju
    63 | D:1      | Escaped the Abyss
    77 | D:1      | Reached * piety under Lugonu
   223 | D:1      | Gained mutation: You are partially covered in thin metallic
                  | scales. (AC +2) [demonic ancestry]
   223 | D:1      | Reached XP level 2. HP: 24/24 MP: 3/3
   887 | D:1      | Gained mutation: You are immune to rotting. [demonic
                  | ancestry]
   887 | D:1      | Reached XP level 3. HP: 30/30 MP: 4/4
  1080 | D:2      | Reached ** piety under Lugonu
  1770 | D:2      | Reached XP level 4. HP: 25/37 MP: 5/5
  3065 | D:3      | Found a faded altar of an unknown god.
  3170 | D:3      | Gained mutation: You may emit foul miasma when damaged in
                  | melee. [demonic ancestry]
  3170 | D:3      | Reached XP level 5. HP: 37/42 MP: 6/6
  3321 | D:3      | Noticed Ijyb
  3345 | D:3      | Killed Ijyb
  3636 | D:4      | Noticed Duvessa
  3637 | D:4      | Noticed Dowan
  4269 | D:4      | Noticed Sigmund
  4286 | D:4      | Killed Sigmund
  4286 | D:4      | Gained mutation: You are slightly more attuned to the
                  | shadows. [demonic ancestry]
  4286 | D:4      | Reached XP level 6. HP: 49/49 MP: 7/7
  4391 | D:4      | Killed Duvessa
  4394 | D:4      | Reached *** piety under Lugonu
  4412 | D:4      | Killed Dowan
  4412 | D:4      | Gained mutation: You are mostly covered in thin metallic
                  | scales. (AC +3) [demonic ancestry]
  4412 | D:4      | Reached XP level 7. HP: 41/55 MP: 8/8
  4643 | D:4      | Reached skill level 5 in Fighting
  4671 | D:4      | Reached skill level 5 in Axes
  4763 | D:4      | Found a glowing golden altar of the Shining One.
  4829 | D:4      | Noticed Blork the orc
  4837 | D:4      | Killed Blork the orc
  5015 | D:4      | Found a shimmering altar of Xom.
  5221 | D:5      | Entered Level 5 of the Dungeon
  5227 | D:5      | Noticed Prince Ribbit
  5233 | D:5      | Reached skill level 5 in Armour
  5242 | D:4      | Slain by Prince Ribbit

Vault maps used:
D:1:      minmay_arrival_open_corners, minmay_statues_item
D:2:      cheibrodos_old_hovel
D:3:      corexii_shack_village, first_ration, chequers_ecumenical_altar_simple,
          uniq_ijyb
D:4:      lemuel_doored_altar, xom_confusion_cloud, uniq_sigmund,
          uniq_blork_the_orc, uniq_duvessa
D:5:      chequers_serial_rivers_large_a, grunt_dithmenos_smoke, uniq_menkaure,
          uniq_prince_ribbit1

Skill      XL: |  1  2  3  4  5  6  7 |
---------------+----------------------+-----
Armour         | 2 3 4 5 |  5.0
Axes           | 2 3 4 5 |  5.2
Fighting       | 4 5 |  5.4
Maces & Flails | |  0.7
Dodging        | |  0.8
Shields        | |  0.3
Invocations    | |  2.4
Evocations     | |  0.1

Action                   |  1- 3 |  4- 6 |  7- 9 || total
-------------------------+-------+-------+-------++-------
Melee: Hand axe          |   120 |    64 |    35 ||   219
       Whip              |       |   148 |    39 ||   187
Invok: Depart the Abyss  |     1 |       |       ||     1
Evoke: Wand              |       |     1 |       ||     1
  Use: Potion            |     1 |       |     1 ||     2
  Eat: Chunk             |     3 |     8 |     3 ||    14
Armor: Leather armour    |    67 |     2 |       ||    69
       Scale mail        |       |   100 |    19 ||   119
Dodge: Dodged            |    80 |   103 |    29 ||   212
Block: Buckler           |       |     1 |     6 ||     7

Table legend:
 A = Non-vault XP
 B = Vault XP
 C = Vault XP percentage of total XP
 D = Non-vault monster count
 E = Vault monster count
 F = Vault count percentage of total count
                 A         B        C        D         E       F
            +---------+---------+-------+---------+---------+-------
      Total |     487 |     828 |  63.0 |      88 |      18 |  17.0
            +---------+---------+-------+---------+---------+-------
        D:1 |      60 |       0 |   0.0 |      36 |       0 |   0.0
        D:2 |      48 |       1 |   2.0 |      16 |       1 |   5.9
        D:3 |     135 |      55 |  28.9 |      21 |      10 |  32.3
        D:4 |     123 |     772 |  86.3 |      14 |       7 |  33.3
        D:5 |     121 |       0 |   0.0 |       1 |       0 |   0.0
            +---------+---------+-------+---------+---------+-------
